 Dungeon Crawl Stone Soup version 0.31-a0-263-ge8cad7f256 (webtiles) character file.

Game seed: 17287531900292625106

66 qw the Shooter (level 4, -5/27 HPs)
             Began as a Gargoyle Hexslinger on July 13, 2023.
             Slain by an iguana (13 damage)
             ... on level 4 of the Dungeon.
             The game lasted 00:00:17 (1077 turns).

qw the Shooter (Gargoyle Hexslinger)                Turns: 1077, Time: 00:00:18

Health: -5/27      AC:  5    Str: 11    XL:     4   Next: 15%
Magic:  5/5        EV: 12    Int: 14    God:
Gold:   57         SH:  0    Dex: 14    Spells: 4/5 levels left

rFire   . . .        Y - +1 sling
rCold   . . .        (no shield)
rNeg    + . .        c - +0 robe
rPois   inf          (no helmet)
rElec   +            (no cloak)
rCorr   .            (no gloves)
SInv    .            (no boots)
Will    .....        (no amulet)
Stlth   +            (no ring)
HPRegen 0.24/turn    (no ring)
MPRegen 0.09/turn

%: no passive effects
@: no status effects
A: sickness immunity, AC +3, negative energy resistance 1, electricity
resistance, torment resistance 1, petrification resistance
a: no special abilities


You were on level 4 of the Dungeon.
You visited 1 branch of the dungeon, and saw 3 of its levels.

You collected 57 gold pieces.


Innate Abilities, Weirdness & Mutations

You are immune to sickness and miasma.
Your stone body is resilient. (AC +3)
You are immune to poison.
You resist negative energy. (rN+)
You are resistant to electric shocks. (rElec)
You are resistant to unholy torment.
You are immune to petrification.


   Skills:
 - Level 2.9 Fighting
 + Level 3.4 Ranged Weapons
 - Level 1.5 Dodging
 - Level 1.0 Spellcasting
 - Level 2.6 Hexes


You had 4 spell levels left.
You knew the following spells:

 Your Spells              Type           Power      Damage    Failure   Level
a - Slow                  Hex            32%        N/A       9%          1

Your spell library contained the following spells:

 Spells                   Type           Power      Damage    Failure   Level
 Inner Flame              Hex/Fire       4%         N/A       41%         3
 Portal Projectile        Hex/Tloc       8%         N/A       41%         3
 Cause Fear               Hex            4%         N/A       65%         4

Inventory:

Hand Weapons
 Y - a +1 sling (weapon)
Armour
 c - a +0 robe (worn)
Jewellery
 e - a +6 ring of dexterity
Scrolls
 a - a scroll of identify
 b - a scroll of enchant weapon {unknown}
Potions
 d - a potion of attraction {unknown}
 f - a potion of enlightenment {unknown}
 h - a potion of lignification {unknown}
 i - a potion of magic {unknown}

Dungeon Overview and Level Annotations

Branches:
Dungeon (2/15)

Altars:


Message History

You shoot a sling bullet.
The sling bullet barely misses the adder.
The adder misses you. The adder barely misses you.
You shoot a sling bullet. The sling bullet hits the adder.
You kill the adder!
You have reached level 4!
You feel clever.
You start resting.
An iguana comes into view.
You shoot a sling bullet.
The sling bullet hits the iguana but does no damage.
You shoot a sling bullet.
The sling bullet closely misses the iguana.
You shoot a sling bullet.
The sling bullet hits the iguana but does no damage.
You shoot a sling bullet.
The sling bullet barely misses the iguana.
You shoot a sling bullet. The sling bullet hits the iguana.
The iguana is lightly wounded.
You shoot a sling bullet. The sling bullet hits the iguana.
The iguana is moderately wounded.
The iguana misses you. x2
You shoot a sling bullet.
The sling bullet hits the iguana but does no damage.
The iguana is moderately wounded.
The iguana bites you.
You shoot a sling bullet. The sling bullet hits the iguana.
The iguana is moderately wounded.
The iguana bites you!
You shoot a sling bullet.
The sling bullet hits the iguana but does no damage.
The iguana is moderately wounded.
The iguana barely misses you.
You shoot a sling bullet.
The sling bullet hits the iguana but does no damage.
The iguana is moderately wounded.
The iguana bites you.
You shoot a sling bullet.
The sling bullet closely misses the iguana.
The iguana misses you. The iguana bites you!
You die...

8.8#....)........#
#.##............#
##.##............#
#8.8#............#
#.#########..>.##
##.##8###8##....#
...........'...##
##.##8###8##....##
#.#### ####....@#
8.8 ......#.l.#
##.# ...####....#
#.# #.. ##....#
8.8 ## ....... #.#
........ ##.......
##...##


You could see an iguana.

Vanquished Creatures
  A howler monkey (D:4)
  2 adders (D:4)
  An endoplasm (D:1)
  A goblin (D:1)
  2 hobgoblins (D:1)
  A kobold (D:1)
  A ball python (D:1)
  A frilled lizard (D:1)
  2 rats (D:1)
12 creatures vanquished.

Notes
Turn   | Place    | Note
-------+----------+-------------------------------------------
     0 | D:1      | qw the Gargoyle Hexslinger began the quest for the Orb.
     0 | D:1      | Reached XP level 1. HP: 12/12 MP: 2/2
     0 | D:1      | 0 ||| qw: Version: 0.3-a-52-g30416fa
     0 | D:1      | 0 ||| qw: Game counter: 7236
     0 | D:1      | 0 ||| qw: Melee chars always use a shield: true
     0 | D:1      | 0 ||| qw: God list: Okawaru
     0 | D:1      | 0 ||| qw: Allow faded altars: false
     0 | D:1      | 0 ||| qw: Do Orc after clearing Dungeon:15 true
     0 | D:1      | 0 ||| qw: Do second Lair branch before Depths: true
     0 | D:1      | 0 ||| qw: Lair rune preference: random
     0 | D:1      | 0 ||| qw: Goals: Normal
     0 | D:1      | 0 ||| PLANNING D:1-11
   325 | D:1      | Reached XP level 2. HP: 16/16 MP: 3/3
   866 | D:1      | 866 ||| DROPPING ring of flight.
   867 | D:1      | 867 ||| READING 2 scrolls labelled ZEPISA ZY BYK.
   868 | D:1      | 868 ||| READING scroll labelled FERHUE JE QYS.
   869 | D:1      | 869 ||| READING scroll labelled PYIFAP RARPHUA.
   870 | D:1      | 870 ||| DROPPING scroll of poison.
   948 | D:2      | Found a faded altar of an unknown god.
  1003 | D:2      | You fall into a shaft and drop 2 floors!
  1014 | D:4      | Reached skill level 3 in Ranged Weapons
  1039 | D:4      | Noticed a howler monkey
  1046 | D:4      | Killed a howler monkey
  1047 | D:4      | Reached XP level 3. HP: 17/22 MP: 4/4
  1062 | D:4      | Reached XP level 4. HP: 17/27 MP: 5/5
  1077 | D:4      | Slain by an iguana

Levels and vault maps discovered:
D:1:      giann_forest_graveyard, layout_loops_corners, bh_walls_and_bars
D:2:      minmay_inner_zag, layout_loops_cross,
          dreamdust_ecumenical_altar_grove, kennysheep_generic_room_9
D:4:      layout_cave_pods, dk_noncrumbling_2

Skill      XL: |  1  2 |
---------------+-------+-----
Ranged Weapons | 3 |  3.4
Fighting       | 2 |  2.9
Dodging        | |  1.5
Spellcasting   | |  1.0
Hexes          | |  2.6

Action                     |  1- 3 |  4- 6 || total
---------------------------+-------+-------++-------
   Fire: Sling             |    50 |    11 ||    61
    Use: Scroll            |     3 |       ||     3
 Armour: Robe              |     6 |       ||     6
  Dodge: Dodged            |    17 |     4 ||    21

Table legend:
 A = Non-vault XP
 B = Vault XP
 C = Vault XP percentage of total XP
 D = Non-vault monster count
 E = Vault monster count
 F = Vault count percentage of total count
                 A         B        C        D         E       F
            +---------+---------+-------+---------+---------+-------
      Total |      95 |       0 |   0.0 |      12 |       0 |   0.0
            +---------+---------+-------+---------+---------+-------
        D:1 |      14 |       0 |   0.0 |       9 |       0 |   0.0
        D:4 |      81 |       0 |   0.0 |       3 |       0 |   0.0
            +---------+---------+-------+---------+---------+-------
